A+ - U26
STOCKTON PORTS @ VISALIA RAWHIDE
06/30/2061
 
TOP OF THE 1ST
San Jose Giants batting - Pitching for Rancho Cucamonga Rattlers : RHP Marty Calzado
Pitching: RHP Marty Calzado
Batting: LHB Peter Stafford 0-0: Fly out, F9 (Flyball, 89M, EV 88.1 MPH)
Batting: LHB Lee Hypolite 0-0: Ball
1-0: Ball
2-0: Called Strike
2-1: Swinging Strike
2-2: Foul Ball, location: 2F
2-2: Ball
3-2: Foul Ball, location: 2F
3-2: Base on Balls
Batting: LHB Elwin Novakovic 0-0: Ball
1-0: 2-RUN HOME RUN (Flyball, 8RXD, EV 105.0 MPH), Distance : 422 ft
Batting: RHB Antonio Jacome 0-0: Foul Ball, location: 2F
0-1: Foul Ball, location: 2F
0-2: Ball
1-2: Strikes out swinging
Batting: LHB Castel De La Cruz 0-0: Ball
1-0: Swinging Strike
1-1: SINGLE (Flyball, 4MD, EV 90.6 MPH) - OUT at second base trying to stretch hit.
Top of the 1st over - 2 runs, 2 hits, 0 errors, 0 left on base; San Jose 2 - Rancho Cucamonga 0
BOTTOM OF THE 1ST
Rancho Cucamonga Rattlers batting - Pitching for San Jose Giants : LHP Juan Sebastián Toruno
Pitching: LHP Juan Sebastián Toruno
Batting: RHB Ned Barracato 0-0: Foul Ball, location: 2F
0-1: Ground out 6-3 (Groundball, 6, EV 84.4 MPH)
Batting: RHB Jim Bosserman 0-0: Ball
1-0: Ground out 1-3 (Groundball, 34S, EV 66.2 MPH)
Batting: LHB Braz Martínez 0-0: Ball
1-0: Ball
2-0: Ball
3-0: Called Strike
3-1: Base on Balls
Batting: RHB Yasiel Ramos 0-0: Foul Ball, location: 2F
0-1: Swinging Strike
0-2: Strikes out swinging
Bottom of the 1st over - 0 runs, 0 hits, 0 errors, 1 left on base; San Jose 2 - Rancho Cucamonga 0
TOP OF THE 2ND
San Jose Giants batting - Pitching for Rancho Cucamonga Rattlers : RHP Marty Calzado
Batting: RHB Troy Lemmons 0-0: Called Strike
0-1: Swinging Strike
0-2: Foul Ball, location: 2F
0-2: Ball
1-2: Strikes out swinging
Batting: RHB Vladimir Muñoz 0-0: Ball
1-0: Foul Ball, location: 2F
1-1: Fly out, F3 (Line Drive, 3, EV 71.9 MPH)
Batting: RHB Marc Kawamura 0-0: Foul Ball, location: 2F
0-1: Ball
1-1: Foul Ball, location: 2F
1-2: Ball
2-2: Ball
3-2: Strikes out swinging
Top of the 2nd over - 0 runs, 0 hits, 0 errors, 0 left on base; San Jose 2 - Rancho Cucamonga 0
BOTTOM OF THE 2ND
Rancho Cucamonga Rattlers batting - Pitching for San Jose Giants : LHP Juan Sebastián Toruno
Batting: RHB Adam Cross 0-0: Swinging Strike
0-1: Called Strike
0-2: Strikes out swinging
Batting: RHB Van Munoz 0-0: Called Strike
0-1: Swinging Strike
0-2: Ball
1-2: Ground out 6-3 (Groundball, 6M, EV 110.0 MPH)
Batting: RHB Archer Stephenson 0-0: Ball
1-0: Called Strike
1-1: Fly out, F9 (Flyball, 89D, EV 103.1 MPH)
Bottom of the 2nd over - 0 runs, 0 hits, 0 errors, 0 left on base; San Jose 2 - Rancho Cucamonga 0
TOP OF THE 3RD
San Jose Giants batting - Pitching for Rancho Cucamonga Rattlers : RHP Marty Calzado
Batting: RHB Ovid Piper 0-0: Ball
1-0: Called Strike
1-1: Foul Ball, location: 2F
1-2: Foul Ball, location: 2F
1-2: Ball
2-2: Ball
3-2: Foul Ball, location: 2F
3-2: Foul Ball, location: 2F
3-2: Base on Balls
Batting: LHB Peter Stafford 0-0: Called Strike
0-1: Ball
Ovid Piper steals 2nd base
1-1: Foul Ball, location: 2F
1-2: Fly out, F7 (Flyball, 7S, EV 86.9 MPH)
Batting: LHB Lee Hypolite 0-0: Called Strike
0-1: Swinging Strike
0-2: Ball
1-2: Strikes out swinging
Batting: LHB Elwin Novakovic 0-0: Ball
1-0: Ball
2-0: Ground out U3 (Groundball, 3, EV 86.9 MPH)
Top of the 3rd over - 0 runs, 0 hits, 0 errors, 1 left on base; San Jose 2 - Rancho Cucamonga 0
BOTTOM OF THE 3RD
Rancho Cucamonga Rattlers batting - Pitching for San Jose Giants : LHP Juan Sebastián Toruno
Batting: RHB Jalen Forsythe 0-0: Called Strike
0-1: Foul Ball, location: 2F
0-2: Ball
1-2: SINGLE (Line Drive, 7LS, EV 96.9 MPH)
Batting: RHB Oscar Boyzo 0-0: Ball
1-0: Grounds into double play, U6-3 (Groundball, 4M, EV 81.9 MPH)
Batting: RHB Ned Barracato 0-0: Ball
1-0: Called Strike
1-1: Fly out, F8 (Flyball, 8RS, EV 92.5 MPH)
Bottom of the 3rd over - 0 runs, 1 hit, 0 errors, 0 left on base; San Jose 2 - Rancho Cucamonga 0
TOP OF THE 4TH
San Jose Giants batting - Pitching for Rancho Cucamonga Rattlers : RHP Marty Calzado
Batting: RHB Antonio Jacome 0-0: Ball
1-0: Ball
2-0: Swinging Strike
2-1: Called Strike
2-2: Ball
3-2: Base on Balls
Batting: LHB Castel De La Cruz 0-0: Ball
Wild Pitch!
Antonio Jacome to second
1-0: Ball
2-0: Foul Ball, location: 2F
2-1: Called Strike
2-2: Foul Ball, location: 2F
2-2: Ball
3-2: Ground out 6-3 (Groundball, 6, EV 81.9 MPH)
Batting: RHB Troy Lemmons 0-0: Called Strike
0-1: Ball
1-1: DOUBLE (Line Drive, 7LS, EV 93.8 MPH)
Antonio Jacome scores
Batting: RHB Vladimir Muñoz 0-0: Ball
1-0: Ball
2-0: Foul Ball, location: 2F
2-1: SINGLE (Groundball, 6D, EV 98.8 MPH)
Troy Lemmons to third
Runner from 3rd tries for Home, SAFE, throw by CF to home
Batting: RHB Marc Kawamura 0-0: Foul Ball, location: 2F
0-1: Called Strike
0-2: Ball
Wild Pitch!
Vladimir Muñoz to second
1-2: Foul Ball, location: 2F
1-2: Strikes out looking
Batting: RHB Ovid Piper 0-0: Foul Ball, location: 2F
0-1: Ball
1-1: Foul Ball, location: 2F
1-2: Strikes out swinging
Top of the 4th over - 2 runs, 2 hits, 0 errors, 1 left on base; San Jose 4 - Rancho Cucamonga 0
BOTTOM OF THE 4TH
Rancho Cucamonga Rattlers batting - Pitching for San Jose Giants : LHP Juan Sebastián Toruno
Batting: RHB Jim Bosserman 0-0: Called Strike
0-1: Foul Ball, location: 2F
0-2: Ball
1-2: Strikes out looking
Batting: LHB Braz Martínez 0-0: Fly out, F7 (Line Drive, 7, EV 98.8 MPH)
Batting: RHB Yasiel Ramos 0-0: Called Strike
0-1: SOLO HOME RUN (Flyball, 9D, EV 97.5 MPH), Distance : 369 ft
Batting: RHB Adam Cross 0-0: Ball
1-0: Swinging Strike
1-1: Called Strike
1-2: Strikes out swinging
Bottom of the 4th over - 1 run, 1 hit, 0 errors, 0 left on base; San Jose 4 - Rancho Cucamonga 1
TOP OF THE 5TH
San Jose Giants batting - Pitching for Rancho Cucamonga Rattlers : RHP Marty Calzado
Batting: LHB Peter Stafford 0-0: Ball
1-0: Ball
2-0: Foul Ball, location: 2F
2-1: Fly out, F3 (Popup, 3F, EV 66.9 MPH)
Batting: LHB Lee Hypolite 0-0: SINGLE (Groundball, 4D, EV 96.9 MPH)
Batting: LHB Elwin Novakovic 0-0: Called Strike
0-1: Ball
1-1: SINGLE (Groundball, 34D, EV 97.5 MPH)
Lee Hypolite to second
Runner from 2nd tries for 3rd, SAFE, no throw by RF
Batting: RHB Antonio Jacome 0-0: Foul Ball, location: 2F
0-1: Called Strike
0-2: Fly out, F9 (Flyball, 9LM, EV 93.1 MPH)
Runner from 3rd tags up, SCORES, throw by RF
Pitching: LHP Lincoln Ortega
Batting: LHB Castel De La Cruz 0-0: Called Strike
0-1: Ball
1-1: Swinging Strike
1-2: Ground out 4-3 (Groundball, 4, EV 100.6 MPH)
Top of the 5th over - 1 run, 2 hits, 0 errors, 1 left on base; San Jose 5 - Rancho Cucamonga 1
BOTTOM OF THE 5TH
Rancho Cucamonga Rattlers batting - Pitching for San Jose Giants : LHP Juan Sebastián Toruno
Batting: RHB Van Munoz 0-0: Called Strike
0-1: Ball
1-1: Foul Ball, location: 2F
1-2: Ground out 6-3 (Groundball, 56, EV 89.4 MPH)
Batting: RHB Archer Stephenson 0-0: Ball
1-0: Ball
2-0: Swinging Strike
2-1: SOLO HOME RUN (Flyball, 7LD, EV 92.5 MPH), Distance : 349 ft
Batting: RHB Jalen Forsythe 0-0: Called Strike
0-1: Ball
1-1: Ball
2-1: Foul Ball, location: 2F
2-2: Strikes out swinging
Batting: RHB Oscar Boyzo 0-0: Ball
1-0: Ball
2-0: Ball
3-0: Base on Balls
Batting: RHB Ned Barracato 0-0: Ball
1-0: Foul Ball, location: 2F
1-1: Ball
2-1: Swinging Strike
2-2: Reached on error, E6 (Groundball, 6M, EV 81.9 MPH)
Oscar Boyzo to second
Batting: RHB Jim Bosserman 0-0: Called Strike
0-1: Fly out, F4 (Flyball, 4D, EV 87.5 MPH)
Bottom of the 5th over - 1 run, 1 hit, 1 error, 2 left on base; San Jose 5 - Rancho Cucamonga 2
TOP OF THE 6TH
San Jose Giants batting - Pitching for Rancho Cucamonga Rattlers : LHP Lincoln Ortega
Batting: RHB Troy Lemmons 0-0: Ball
1-0: Ball
2-0: Ball
3-0: Base on Balls
Batting: RHB Vladimir Muñoz 0-0: Sac Bunt to 13S - play at first, batter OUT! 1-3
Troy Lemmons to second
Batting: RHB Marc Kawamura 0-0: Called Strike
0-1: Ball
1-1: Ball
2-1: Ball
3-1: Called Strike
3-2: Foul Ball, location: 2F
3-2: Strikes out swinging
Batting: RHB Ovid Piper 0-0: Called Strike
0-1: Called Strike
0-2: Ball
1-2: Fly out, F8 (Line Drive, 8LD, EV 90.6 MPH)
Top of the 6th over - 0 runs, 0 hits, 0 errors, 1 left on base; San Jose 5 - Rancho Cucamonga 2
BOTTOM OF THE 6TH
Rancho Cucamonga Rattlers batting - Pitching for San Jose Giants : LHP Juan Sebastián Toruno
Batting: LHB Braz Martínez 0-0: Foul Ball, location: 2F
0-1: Foul Ball, location: 2F
0-2: Ball
1-2: Foul Ball, location: 2F
1-2: SOLO HOME RUN (Flyball, 9D, EV 95.6 MPH), Distance : 376 ft
Batting: RHB Yasiel Ramos 0-0: Ball
1-0: Fly out, F7 (Flyball, 78M, EV 84.4 MPH)
Batting: RHB Adam Cross 0-0: Ball
1-0: Ball
2-0: Ball
3-0: Base on Balls
Batting: RHB Van Munoz 0-0: Ball
1-0: Grounds into double play, 6-4-3 (Groundball, 6, EV 104.4 MPH)
Bottom of the 6th over - 1 run, 1 hit, 0 errors, 0 left on base; San Jose 5 - Rancho Cucamonga 3
TOP OF THE 7TH
San Jose Giants batting - Pitching for Rancho Cucamonga Rattlers : LHP Lincoln Ortega
Batting: LHB Peter Stafford 0-0: Ball
1-0: Fly out, F8 (Flyball, 78D, EV 94.4 MPH)
Batting: LHB Lee Hypolite 0-0: DOUBLE (Line Drive, 8LD, EV 102.5 MPH)
Batting: LHB Elwin Novakovic 0-0: Swinging Strike
0-1: Foul Ball, location: 2F
0-2: Foul Ball, location: 2F
0-2: Ball
1-2: Ball
2-2: Foul Ball, location: 2F
2-2: Foul Ball, location: 2F
2-2: Ball
3-2: Fly out, F4 (Flyball, 34D, EV 83.1 MPH)
Batting: RHB Antonio Jacome 0-0: Called Strike
0-1: Ball
1-1: Ball
2-1: Ball
3-1: 2-RUN HOME RUN (Flyball, 7LD, EV 91.9 MPH), Distance : 342 ft
Batting: LHB Castel De La Cruz 0-0: Called Strike
0-1: Called Strike
0-2: SINGLE (Flyball, 9S, EV 85.6 MPH)
Pitching: RHP Cayden Terbrock
Batting: RHB Troy Lemmons 0-0: Ball
1-0: Ball
2-0: Ball
3-0: Called Strike
3-1: SINGLE (Line Drive, 9S, EV 86.9 MPH)
Castel De La Cruz to second
Runner from 2nd tries for 3rd, OUT! 9-5
Top of the 7th over - 2 runs, 4 hits, 0 errors, 1 left on base; San Jose 7 - Rancho Cucamonga 3
BOTTOM OF THE 7TH
Rancho Cucamonga Rattlers batting - Pitching for San Jose Giants : LHP Juan Sebastián Toruno
Batting: RHB Archer Stephenson 0-0: Called Strike
0-1: Ball
1-1: Swinging Strike
1-2: Strikes out looking
Batting: RHB Jalen Forsythe 0-0: Ball
1-0: Fly out, F8 (Flyball, 8LXD, EV 85.6 MPH)
Batting: RHB Oscar Boyzo 0-0: Swinging Strike
0-1: Ball
1-1: Foul Ball, location: 2F
1-2: Ball
2-2: Strikes out swinging
Bottom of the 7th over - 0 runs, 0 hits, 0 errors, 0 left on base; San Jose 7 - Rancho Cucamonga 3
TOP OF THE 8TH
San Jose Giants batting - Pitching for Rancho Cucamonga Rattlers : RHP Cayden Terbrock
Batting: RHB Vladimir Muñoz 0-0: Foul Ball, location: 2F
0-1: Ball
1-1: Ball
2-1: Fly out, F6 (Popup, 6M, EV 65.6 MPH)
Batting: RHB Marc Kawamura 0-0: Called Strike
0-1: Ground out 5-3 (Groundball, 56, EV 103.8 MPH)
Batting: RHB Ovid Piper 0-0: Ball
1-0: Called Strike
1-1: Ball
2-1: Ball
3-1: Swinging Strike
3-2: Foul Ball, location: 2F
3-2: Base on Balls
Batting: LHB Peter Stafford 0-0: Ground out U3 (Groundball, 3, EV 87.5 MPH)
Top of the 8th over - 0 runs, 0 hits, 0 errors, 1 left on base; San Jose 7 - Rancho Cucamonga 3
BOTTOM OF THE 8TH
Rancho Cucamonga Rattlers batting - Pitching for San Jose Giants : LHP Juan Sebastián Toruno
Batting: RHB Ned Barracato 0-0: Ground out 5-3 (Groundball, 5L, EV 86.9 MPH)
Batting: RHB Jim Bosserman 0-0: Called Strike
0-1: Ball
1-1: Ball
2-1: Foul Ball, location: 2F
2-2: Ball
3-2: Foul Ball, location: 2F
3-2: Ground out 5-3 (Groundball, 5, EV 91.2 MPH)
Batting: LHB Braz Martínez 0-0: Ground out 1-3 (Groundball, 34S, EV 71.2 MPH)
Bottom of the 8th over - 0 runs, 0 hits, 0 errors, 0 left on base; San Jose 7 - Rancho Cucamonga 3
TOP OF THE 9TH
San Jose Giants batting - Pitching for Rancho Cucamonga Rattlers : RHP Cayden Terbrock
Batting: LHB Lee Hypolite 0-0: Called Strike
0-1: Reached on error, E1 (Groundball, 15S, EV 58.8 MPH)
Batting: LHB Elwin Novakovic 0-0: Ball
1-0: Ball
2-0: Called Strike
2-1: Foul Ball, location: 2F
2-2: Ball
3-2: Base on Balls
Lee Hypolite to second
Batting: RHB Antonio Jacome 0-0: Ball
1-0: Ball
2-0: Ball
3-0: Base on Balls
Lee Hypolite to third
Elwin Novakovic to second
Batting: LHB Castel De La Cruz 0-0: Fielders Choice at 2nd, 3-6 (Groundball, 3, EV 83.8 MPH)
Lee Hypolite scores
Elwin Novakovic to third
Batting: RHB Troy Lemmons 0-0: Fly out, F5 (Line Drive, 5, EV 71.2 MPH)
Batting: RHB Vladimir Muñoz 0-0: Ball
1-0: Fly out, F9 (Flyball, 9LS, EV 92.5 MPH)
Top of the 9th over - 1 run, 0 hits, 1 error, 2 left on base; San Jose 8 - Rancho Cucamonga 3
BOTTOM OF THE 9TH
Rancho Cucamonga Rattlers batting - Pitching for San Jose Giants : LHP Juan Sebastián Toruno
Batting: RHB Yasiel Ramos 0-0: Called Strike
0-1: Swinging Strike
0-2: Ball
1-2: Fly out, F8 (Flyball, 8LD, EV 100.6 MPH)
Batting: RHB Adam Cross 0-0: Called Strike
0-1: Called Strike
0-2: Ball
1-2: Ball
2-2: Ground out 6-3 (Groundball, 6, EV 105.6 MPH)
Pitching: LHP Kieran Funk
Batting: RHB Van Munoz 0-0: Foul Ball, location: 2F
0-1: Foul Ball, location: 2F
0-2: Ball
1-2: Ball
2-2: Ball
3-2: Base on Balls
Batting: RHB Archer Stephenson 0-0: Ball
1-0: Foul Ball, location: 2F
1-1: Foul Ball, location: 2F
1-2: Foul Ball, location: 2F
1-2: Strikes out swinging
Bottom of the 9th over - 0 runs, 0 hits, 0 errors, 1 left on base; San Jose 8 - Rancho Cucamonga 3
Friday, March 21st , 2025 - OOTP Baseball 25.11 Build 104